 Dungeon Crawl Stone Soup version 0.28.0 (webtiles) character file.

Game seed: 4421128591245236774

7184 Armakuni the Basher (level 11, -7/60 HPs)
             Began as a Vine Stalker Fighter on Feb 13, 2022.
             Was a Believer of the Shining One.
             Killed from afar by a molten gargoyle (19 damage)
             ... with a bolt of magma
             ... on level 9 of the Dungeon.
             The game lasted 00:21:03 (6852 turns).

Armakuni the Basher (Vine Stalker Fighter)          Turns: 6852, Time: 00:21:03

Health: -7/60      AC: 20    Str: 25    XL:     11   Next: 11%
Magic:  0/12       EV: 13    Int: 10    God:    the Shining One [**....]
Gold:   585        SH:  5    Dex: 19    Spells: 10/10 levels left

rFire   . . .      SeeInvis .   a - +0 flail (vorpal)
rCold   . . .      Faith    .   c - +0 buckler
rNeg    + + .      Spirit   +   s - +1 pearl dragon scales
rPois   +          Reflect  .   q - +0 helmet
rElec   .          Harm     .   j - +2 cloak
rCorr   .          Rampage  .   i - +0 pair of gloves of Imugaygi {Str+3}
Will    +....                   l - +0 pair of boots
Stlth   ..........              (no amulet)
HPRegen 1.00/turn               P - ring of poison resistance
MPRegen 0.13/turn               D - +6 ring of dexterity

@: glowing, studying Invocations
A: fangs 3, regeneration 1, magic shield, antimagic bite, no potion heal 2
a: Renounce Religion, Divine Shield


You were on level 9 of the Dungeon.
You worshipped the Shining One.
The Shining One was pleased with you.
You visited 2 branches of the dungeon, and saw 10 of its levels.

You collected 640 gold pieces.
You spent 55 gold pieces at shops.

Inventory:

Hand Weapons
 a - a +0 vorpal flail (weapon)
 b - a -2 demon whip
Missiles
 g - a curare-tipped dart
 v - 6 boomerangs (quivered)
 w - 5 javelins
Armour
 c - a +0 buckler (worn)
 i - the +0 pair of gloves of Imugaygi (worn) {Str+3}
   (You found it on level 2 of the Dungeon)

   Str:       It affects your strength (+3).
 j - a +2 cloak (worn)
 l - a +0 pair of boots (worn)
 q - a +0 helmet (worn)
 s - +1 pearl dragon scales (worn)
Magical Staves
 e - a staff of air
Jewellery
 D - a +6 ring of dexterity (right hand)
 K - a ring of resist corrosion
 P - a ring of poison resistance (left hand)
Wands
 h - a wand of acid (3)
Scrolls
 f - a scroll of immolation
 k - 2 scrolls of fear
 m - 2 scrolls of teleportation
 z - a scroll of amnesia
Potions
 d - a potion of might
 n - 2 potions of berserk rage
 o - 5 potions of curing
 p - a potion of ambrosia {unknown}
 r - 2 potions of mutation {unknown}
 t - a potion of flight
 u - 2 potions of heal wounds {unknown}


   Skills:
 - Level 8.6 Fighting
 + Level 9.0(9.4) Maces & Flails
 - Level 4.1(7.0) Staves
 + Level 6.0 Armour
 + Level 5.7 Dodging
 - Level 2.6 Shields


You had 10 spell levels left.
You didn't know any spells.
Your spell library contained the following spells:

 Spells                   Type           Power      Damage    Failure   Level
 Magic Dart               Conj           0%         1d3       78%         1
 Call Imp                 Summ           0%         N/A       89%         2
 Searing Ray              Conj           0%         2d4       89%         2
 Conjure Flame            Conj/Fire      0%         6-21      98%         3
 Ignite Poison            Fire/Tmut/Pois 0%         N/A       98%         3
 Mephitic Cloud           Conj/Pois/Air  0%         N/A       98%         3
 Fulminant Prism          Conj/Hex       0%         3d6       100%        4
 Sticky Flame             Conj/Fire      0%         2d3       100%        4


Dungeon Overview and Level Annotations

Branches:
Dungeon (9/15)             Temple (1/1) D:5             Orc (0/2) D:9
   Lair: D:8-11

Altars:
Ashenzari
Cheibriados
Dithmenos
Elyvilon
Fedhas
Hepliaklqana
Kikubaaqudgha
Makhleb
Nemelex Xobeh
Okawaru
Qazlal
Ru
Sif Muna
Trog
Uskayaw
Vehumet
Wu Jian
Xom
Yredelemnul
Zin
The Shining One
Beogh

Shops:
D:5 *

Annotations:
D:9 exclusion: orange crystal statue


Innate Abilities, Weirdness & Mutations

You have razor-sharp teeth.
Your natural rate of healing is unusually fast.
When hurt, damage is shared between your health and your magic reserves.
Your bite disrupts and absorbs the magic of your enemies.
Potions cannot restore your health.


Message History

The bolt of acid hits the molten gargoyle!
The acid corrodes the molten gargoyle!
The molten gargoyle is moderately damaged.
Okay, then.
The molten gargoyle blasts magma at you!
The bolt of magma hits you.
Aiming: Corrosive Bolt
Press: ? - help, Shift-Dir - straight line, f - molten gargoyle, p - molten gargoyle
Aim: a molten gargoyle, wielding a +0 flail (moderately damaged, covered in acid, 83% to hit)
The bolt of acid hits the molten gargoyle but does no damage.
The bolt of acid hits the molten gargoyle!
The molten gargoyle is heavily damaged.
Aiming: Corrosive Bolt
Press: ? - help, Shift-Dir - straight line, f/p - molten gargoyle
Aim: a molten gargoyle, wielding a +0 flail (heavily damaged, covered in acid, 83% to hit)
The bolt of acid hits the molten gargoyle but does no damage.
The bolt of acid hits the molten gargoyle!
The molten gargoyle seems to be corroded for longer.
The molten gargoyle is almost destroyed.
The molten gargoyle closely misses you.
You hit the molten gargoyle but do no damage.
You bite the molten gargoyle, but do no damage.
The molten gargoyle closely misses you.
You hit the molten gargoyle but do no damage.
Your bite misses the molten gargoyle.
The molten gargoyle hits you with a +2 morningstar of freezing.
You are engulfed in flames!
The molten gargoyle freezes you.
The lava snake hisses angrily.
You hit the molten gargoyle but do no damage.
You bite the molten gargoyle, but do no damage.
The molten gargoyle is almost destroyed.
The molten gargoyle blasts magma at you!
The bolt of magma hits you!
* * * LOW HITPOINT WARNING * * *
The molten gargoyle barely misses you. The lava snake spits lava at you.
The glob of lava misses you.
The molten gargoyle blasts magma at you!
The bolt of magma hits you!!
You die...

... #....## .. ...#####...#.#.#.
#.............#.#.#
####............#...≈.
##..#.............#.≈≈§
#...#.........#'##.≈≈≈§ §≈
#...#.........#...#.S§88≈§§
#...#.........#..#.§§≈88§§§#
###'#........9#@..#.≈≈S≈§S≈.#
###..#........9...#.§≈≈≈≈§§.#.###
.....#....#######..#...≈§≈...#...
.....#...># ##.#.#. #.#....
.##..#....# #.#.# #.#...
.##..#....# ##'#####.....
.#####....# #####.....##)....
.....##'### #.........').....
......)...# #.........#######


You could see a molten gargoyle (corroded) and a lava snake (catching breath).

Vanquished Creatures
  Harold (D:7)
  Erica (D:9)
  Maurice (D:8)
  Joseph (D:7)
  2 molten gargoyles (D:9)
  Maggie (D:8)
  A troll (D:9)
  A hornet (D:6)
  Grinder (D:3)
  2 steam dragons
  A warg (D:9)
  Menkaure (D:6)
  An acid dragon (D:8)
  2 black bears
  3 orc warriors
  2 ice beasts
  2 centaurs
  3 ogres
  A phantom (D:7)
  6 kobold brigands
  Blork the orc (D:5)
  A bullfrog (D:8)
  2 scorpions
  A wyvern zombie (D:5)
  3 killer bees (D:8)
  4 wights (D:8)
  2 jellies
  7 hounds
  7 orc priests
  A bullfrog skeleton (D:5)
  2 iguanas
  7 orc wizards
  2 killer bee zombies
  A hound skeleton (D:4)
  9 adders
  18 gnolls
  A white imp (D:7)
  2 ufetubi (D:4)
  2 adder skeletons
  2 worms (D:2)
  2 dart slugs (D:2)
  32 orcs
  3 ball pythons
  7 bats
  3 endoplasms
  5 giant cockroaches
  3 goblins
  6 hobgoblins
  2 jackals (D:5)
  57 kobolds
  3 quokkas
  3 frilled lizards
  2 rats (D:1)
237 creatures vanquished.

Vanquished Creatures (others)
  An orc (D:8)
  A kobold (D:3)
2 creatures vanquished.

Grand Total: 239 creatures vanquished

Notes
Turn   | Place    | Note
-------+----------+-------------------------------------------
     0 | D:1      | Armakuni the Vine Stalker Fighter began the quest for the
                  | Orb.
     0 | D:1      | Reached XP level 1. HP: 11/11 MP: 2/2
   127 | D:1      | Reached XP level 2. HP: 16/16 MP: 3/3
   325 | D:1      | Reached skill level 1 in Dodging
   418 | D:1      | Found a faded altar of an unknown god.
   465 | D:2      | Reached XP level 3. HP: 20/20 MP: 4/4
   540 | D:2      | Identified the +0 pair of gloves of Imugaygi {Str+3}
  1324 | D:2      | Gained mutation: Your natural rate of healing is unusually
                  | fast. [Vine Stalker growth]
  1324 | D:2      | Reached XP level 4. HP: 25/25 MP: 5/5
  1794 | D:3      | Found an iron altar of Okawaru.
  2031 | D:3      | Noticed a kobold brigand
  2033 | D:3      | Noticed a kobold brigand
  2097 | D:3      | Killed a kobold brigand
  2098 | D:3      | Reached XP level 5. HP: 30/30 MP: 4/6
  2185 | D:3      | Killed a kobold brigand
  2186 | D:3      | Reached skill level 5 in Fighting
  2186 | D:3      | Reached XP level 6. HP: 28/35 MP: 7/7
  2242 | D:3      | Noticed Grinder
  2299 | D:3      | Killed Grinder
  2300 | D:3      | Reached XP level 7. HP: 37/42 MP: 5/8
  2901 | D:4      | Found a sacrificial altar of Ru.
  3008 | D:4      | Gained mutation: You have razor-sharp teeth. [Vine Stalker
                  | growth]
  3008 | D:4      | Reached XP level 8. HP: 47/47 MP: 9/9
  3065 | D:4      | Identified the +1 leather armour of the Locust {rElec rPois
                  | rC+}
  3689 | D:5      | Entered Level 5 of the Dungeon
  3689 | D:5      | Noticed Blork the orc
  3730 | D:5      | Reached skill level 1 in Staves
  3777 | D:5      | Killed Blork the orc
  3938 | D:5      | Found a staircase to the Ecumenical Temple.
  3962 | Temple   | Entered the Ecumenical Temple
  4073 | Temple   | Became a worshipper of the Shining One
  4156 | D:5      | Found Socsuwn's Lightly-Used Armoury.
  4164 | D:5      | Bought a -2 demon whip for 55 gold pieces
  4245 | D:5      | Reached skill level 2 in Maces & Flails
  4360 | D:5      | Reached skill level 3 in Maces & Flails
  4611 | D:6      | Reached skill level 4 in Maces & Flails
  4611 | D:6      | Reached XP level 9. HP: 52/52 MP: 10/10
  4675 | D:6      | Reached skill level 5 in Maces & Flails
  4740 | D:6      | Identified a scroll of acquirement
  4740 | D:6      | Acquired a manual of Invocations
  4765 | D:6      | Noticed Menkaure
  4766 | D:6      | Reached skill level 6 in Maces & Flails
  4780 | D:6      | Killed Menkaure
  5139 | D:7      | Noticed a hornet
  5147 | D:6      | Killed a hornet
  5241 | D:7      | Reached * piety under the Shining One
  5242 | D:7      | Noticed Joseph
  5260 | D:7      | Killed Joseph
  5261 | D:7      | Reached skill level 7 in Maces & Flails
  5445 | D:7      | Found a basalt altar of Yredelemnul.
  5561 | D:8      | Noticed Maurice
  5653 | D:7      | Reached XP level 10. HP: 31/57 MP: 7/11
  5745 | D:8      | Killed Maurice
  5776 | D:8      | Noticed Maggie
  5787 | D:8      | Killed Maggie
  5955 | D:8      | Found a shimmering blue altar of Sif Muna.
  5955 | D:8      | Found a stormy altar of Qazlal.
  5978 | D:8      | Noticed Harold
  6055 | D:7      | Killed Harold
  6056 | D:7      | Reached skill level 8 in Maces & Flails
  6056 | D:7      | Reached skill level 5 in Armour
  6265 | D:8      | Found a hazy altar of Hepliaklqana.
  6392 | D:9      | Found a staircase to the Orcish Mines.
  6413 | D:9      | Reached ** piety under the Shining One
  6441 | D:9      | Reached skill level 5 in Dodging
  6473 | D:9      | Noticed Erica
  6484 | D:9      | Killed Erica
  6497 | D:9      | Noticed an orange crystal statue
  6503 | D:9      | Noticed a molten gargoyle
  6520 | D:9      | Killed a molten gargoyle
  6521 | D:9      | Reached XP level 11. HP: 35/60 MP: 7/12
  6748 | D:9      | Reached skill level 9 in Maces & Flails
  6852 | D:9      | Killed from afar by a molten gargoyle

Illustrated notes

Levels and vault maps discovered:
D:1:      ncdulo_watergridlock, layout_rooms,
          hellmonk_ecumenical_altar_defaced_shrine, moated_statue
D:2:      layout_rooms
D:3:      minmay_goblin_kobold_castle, layout_basic,
          mainiacjoe_overflow_boulevard, uniq_grinder
D:4:      layout_basic, amcnicky_altar_gilded, minivault_11
D:5:      layout_rooms, minmay_temple_entry_drinking_statues,
          minmay_shop_damaged, chequers_serial_rivers_small_a,
          minmay_misc_feat_tiny, nrook_mini_backslash, uniq_blork_the_orc
D:6:      layout_cave_pools, uniq_menkaure
D:7:      layout_cave_pools, old_standard_altar, uniq_joseph
D:8:      layout_rooms, nzn_hepliaklqana_mist_gate,
          gammafunk_temple_overflow_elements, uniq_harold, uniq_maggie,
          uniq_maurice
D:9:      layout_gridville, nicolae_gozag_zags_fifth_avenue, david_orc_3,
          serial_shops, nicolae_shop_crystal, minivault_8, uniq_erica
Temple:   regret_index_temple_waves

Skill      XL: |  1  2  3  4  5  6  7  8  9 10 11 |
---------------+----------------------------------+-----
Fighting       | 3 4 5 7 8 |  8.6
Dodging        | 1 3 5 |  5.7
Staves         | 4 |  4.1
Maces & Flails | 4 7 8 9 |  9.0
Armour         | 3 5 6 |  6.0
Shields        | |  2.6

Action                   |  1- 3 |  4- 6 |  7- 9 | 10-12 || total
-------------------------+-------+-------+-------+-------++-------
Melee: Flail             |    90 |   108 |   336 |   129 ||   663
       Bite              |    18 |    23 |    91 |    67 ||   199
Throw: Dart              |       |       |     4 |     2 ||     6
       Throwing net      |       |       |       |     4 ||     4
Evoke: Wand              |       |       |       |     8 ||     8
  Use: Scroll            |     1 |     3 |     6 |     3 ||    13
       Potion            |       |     4 |       |       ||     4
 Stab: Invisible         |       |     1 |       |       ||     1
Armor: Scale mail        |    55 |    49 |   104 |       ||   208
       Leather armour    |       |       |    62 |       ||    62
       Pearl dragon scal |       |       |    18 |    58 ||    76
Dodge: Dodged            |    38 |    70 |   200 |    54 ||   362
Block: Buckler           |    20 |    21 |    75 |    24 ||   140
